 Dungeon Crawl Stone Soup version 0.31-a0-472-g43a2ca8e1b (webtiles) character file.

Game seed: 12885451897340094731

92 Ethylacetat the Changeling (level 4, -2/30 HPs)
             Began as an Octopode Shapeshifter on Aug 6, 2023.
             Slain by Crazy Yiuf
             ... wielding a +4 quarterstaff of chaos
              (11 damage)
             ... on level 2 of the Dungeon.
             The game lasted 00:02:26 (1097 turns).

Ethylacetat the Changeling (Octopode Shapeshifter)  Turns: 1097, Time: 00:02:27

Health: -2/30      AC:  8    Str: 14    XL:     4   Next: 60%
Magic:  4/4        EV: 13    Int: 10    God:
Gold:   142        SH:  0    Dex: 14    Spells: 3/3 levels left

rFire   . . .        j - +1 hammer (protect)
rCold   . . .        (no shield)
rNeg    . . .        (helmet currently unavailable)
rPois   .            (no amulet)
rElec   .            (no ring)
rCorr   .            (no ring)
SInv    .            (no ring)
Will    .....        (no ring)
Stlth   ++           (no ring)
HPRegen 0.25/turn    (no ring)
MPRegen 0.09/turn    (no ring)
                     (no ring)

%: no passive effects
@: beast-form, under a protective aura, slowed, very slow
A: beast (slay +2), almost no armour, amphibious, 8 rings, camouflage 1,
gelatinous body 1, (nimble swimmer 1), tentacles
a: Begin Untransformation


You were on level 2 of the Dungeon.
You were a hulking beast.
You visited 1 branch of the dungeon, and saw 2 of its levels.

You collected 142 gold pieces.

Inventory:

Hand Weapons
 j - a +1 hammer of protection (weapon)
Talismans
 b - a beast talisman (active)
Scrolls
 c - a scroll of enchant weapon {unknown}
 k - 2 scrolls of identify {unknown}
Potions
 a - a potion of lignification
 d - 2 potions of haste {unknown}
 e - a potion of attraction {unknown}
 f - a potion of brilliance {unknown}
 g - a potion of curing {unknown}
 h - a potion of enlightenment {unknown}
 i - a potion of cancellation {unknown}


   Skills:
 + Level 2.9 Fighting
 - Level 2.0 Dodging
 - Level 3.1 Unarmed Combat
 * Level 3.9 Shapeshifting


You had 3 spell levels left.
You didn't know any spells.
Your spell library contained the following spells:

 Spells                   Type           Power      Damage    Failure   Level
 Apportation              Tloc           0%         N/A       36%         1
 Necrotise                Necr           0%         1d4       36%         1
 Summon Small Mammal      Summ           0%         N/A       36%         1
 Ozocubu's Armour         Ice            0%         N/A       75%         3
 Tukima's Dance           Hex            0%         N/A       75%         3
 Passage of Golubria      Tloc           0%         N/A       98%         4
 Summon Forest            Summ/Tloc      0%         N/A       100%        5
 Summon Mana Viper        Hex/Summ       0%         N/A       100%        5
 Yara's Violent Unravell  Hex/Tmut       0%         3d3       100%        5
 Summon Cactus Giant      Summ           0%         N/A       100%        6
 Ozocubu's Refrigeration  Ice            0%         4d7       100%        7


Dungeon Overview and Level Annotations

Branches:
Dungeon (2/15)

Altars:

Shops:
D:1 ![*(

Annotations:
D:2 Crazy Yiuf


Innate Abilities, Weirdness & Mutations

You are a hulking beast.
Your limbs bulge with bestial killing power. (Slay +2)
You cannot wear most types of armour.
You are amphibious.
You can wear up to eight rings at the same time.
Your skin changes colour to match your surroundings (Stealth+).
Your rubbery body absorbs attacks. (AC +1, EV +1)
((You are camouflaged when in or above water. (Stealth+)))
You have tentacles for arms and can constrict up to eight enemies at once.


Message History

Key pressed, stopping explore.
No target in view!
No target in view!
You now have 142 gold pieces (gained 12).
You see here a ball python corpse.
Found a stone staircase leading up.
No target in view!
No target in view!
There is a stone staircase leading up here.
You see here a ball python corpse.
You see here a +0 hammer.
You see here a +0 hammer.
You see here a +0 hammer.
Found a hammer.
Found a runed translucent door.
No target in view!
Crazy Yiuf shouts!
Crazy Yiuf says, "Prologue blue horse!"
No reachable target in view!
Could not explore, unopened runed door.
No reachable target in view!
No reachable target in view!
You open the door.
Crazy Yiuf zaps a wand.
The puff of flame misses you.
There is an open translucent door here.
You hit Crazy Yiuf.
Your weapon exudes an aura of protection.
You grab Crazy Yiuf.
Crazy Yiuf is moderately wounded.
You constrict Crazy Yiuf.
Crazy Yiuf hits you with a +4 quarterstaff of chaos.
You resist with some effort.
You hit Crazy Yiuf.
Crazy Yiuf is heavily wounded.
You constrict Crazy Yiuf.
Crazy Yiuf hits you with a +4 quarterstaff of chaos!
Ouch! That really hurt!
* * * LOW HITPOINT WARNING * * *
You feel yourself slow down.
Crazy Yiuf waves his quarterstaff at you.
Crazy Yiuf hits you with a +4 quarterstaff of chaos!
You die...

....# #.#.#.##.#####
....######.#.#.##.#...#
....##.....#.#...<..#.#
.....#.################
.....#.# .....#.#
.....#)##♣♣ ####
##+#.#))#)♣♣ ♣♣#..)#
##.#...).).♣♣♣♣.hg..#
.....#)).)P.♣..♣#...#
##.###.)#).♣.♣♣♣ ####
.#<###'##♣♣♣♣♣ .#.##..#
...##..### .#.##....#
.#.##....# .#.##....#


You could see Crazy Yiuf.

Vanquished Creatures
  3 gnolls (D:2)
  2 adders (D:2)
  A worm (D:2)
  A dart slug (D:1)
  4 ball pythons
  2 bats (D:2)
  4 endoplasms
  2 giant cockroaches (D:2)
  3 goblins
  2 hobgoblins (D:1)
  6 kobolds
  A quokka (D:2)
  12 frilled lizards
  2 rats
45 creatures vanquished.

Notes
Turn   | Place    | Note
-------+----------+-------------------------------------------
     0 | D:1      | Ethylacetat the Octopode Shapeshifter began the quest for
                  | the Orb.
     0 | D:1      | Reached XP level 1. HP: 13/13 MP: 1/1
    13 | D:1      | Found Ryabb's Distillery.
    81 | D:1      | Found Hydoihisys's Armour Shop.
   100 | D:1      | Found Licid's General Store.
   114 | D:1      | Reached XP level 2. HP: 18/18 MP: 2/2
   130 | D:1      | Found Talithras's Weapon Boutique.
   411 | D:1      | Reached XP level 3. HP: 22/24 MP: 3/3
   741 | D:2      | Reached XP level 4. HP: 22/30 MP: 4/4
  1090 | D:2      | Found a runed translucent door.
  1091 | D:2      | Noticed Crazy Yiuf
  1097 | D:2      | Slain by Crazy Yiuf

Illustrated notes

Levels and vault maps discovered:
D:1:      wander_arrival_fairy_ring, layout_basic, serial_shops,
          nicolae_shop_bloodbath_and_beyond, nicolae_shop_trees, shop, shop,
          minmay_lizard_king
D:2:      layout_basic, serial_glass, glass_columns_a, glass_columns_a,
          glass_columns_c, glass_columns_b, glass_columns_a, glass_columns_a,
          minmay_misc_feat_room, uniq_crazy_yiuf_cottage

Skill      XL: |  1  2 |
---------------+-------+-----
Fighting       | 2 |  2.9
Dodging        | |  2.0
Unarmed Combat | |  3.1
Shapeshifting  | |  3.9

Action                     |  1- 3 |  4- 6 || total
---------------------------+-------+-------++-------
  Melee: Unarmed           |    55 |    10 ||    65
         Constrict         |    12 |     6 ||    18
         Tentacles         |     8 |     1 ||     9
         Punch             |     1 |       ||     1
         Mace              |       |     3 ||     3
   Stab: Sleeping          |     9 |       ||     9
 Armour: Skin              |     2 |       ||     2
  Dodge: Dodged            |    20 |     7 ||    27

Table legend: (Time is in decaauts)
 A = Elapsed time spent in this place.
 B = Non-inter-level travel time spent in this place.
 C = Inter-level travel time spent in this place.
 D = Time resting spent in this place.
 E = Time spent auto-exploring this place.
 F = Levels seen in this place.
 G = Mean time per level.
                   A        B        C        D        E       F      G
               +--------+--------+--------+--------+--------+-----+--------+
         Total |   1092 |   1078 |     14 |      0 |    852 |   2 |  546.0 |
       Dungeon |   1092 |   1078 |     14 |      0 |    852 |   2 |  546.0 |
               +--------+--------+--------+--------+--------+-----+--------+

Top non-repeatable levels by time:
     D:1: 569 daAuts
     D:2: 523 daAuts
